 Dungeon Crawl Stone Soup version 0.28.0-62-gf88900778d (webtiles) character file.

Game seed: 11161316808871417088

124 tkbsonic5 the Skirmisher (level 5, 0/41 HPs)
             Began as a Djinni Monk on Mar 2, 2023.
             Slain by an ogre
             ... wielding a +0 giant spiked club
              (13 damage)
             ... on level 4 of the Dungeon.
             The game lasted 00:07:09 (3252 turns).

tkbsonic5 the Skirmisher (Djinni Monk)              Turns: 3252, Time: 00:07:10

Health: 0/41       AC:  4    Str: 12    XL:     5   Next: 30%
Gold:   132        EV: 13    Int: 12    God:
                   SH:  0    Dex: 15

rFire   + + +      SeeInvis .   e - +2 short sword (drain)
rCold   x . .      Faith    .   (no shield)
rNeg    . . .      Spirit   .   a - +0 robe
rPois   ∞          Reflect  .   (no helmet)
rElec   .          Harm     .   h - +1 cloak
rCorr   .          Rampage  .   (no gloves)
Will    .....                   (boots unavailable)
Stlth   +.........              (no amulet)
HPRegen 0.13/turn               d - ring of protection from fire
MPRegen 0.00/turn               (no ring)

@: confused, ambrosia-drunk, flying
A: sickness immunity, fire resistance 2, cold vulnerability 1, float, innate
caster, HP casting, extra vitality 1
a: no special abilities


You were on level 4 of the Dungeon.
You visited 1 branch of the dungeon, and saw 4 of its levels.

You collected 132 gold pieces.

Inventory:

Hand Weapons
 e - a +2 short sword of draining (weapon)
Missiles
 c - 2 boomerangs
 j - 26 arrows
Armour
 a - a +0 robe (worn)
 f - a +0 chain mail
 h - a +1 cloak (worn)
Jewellery
 d - a ring of protection from fire (left hand)
Potions
 g - a potion of cancellation
 l - 2 potions of degeneration {unknown}


   Skills:
 * Level 3.9 Fighting
 * Level 1.6 Short Blades
 + Level 3.9 Dodging
 - Level 1.5 Stealth
 - Level 3.3 Unarmed Combat
 * Level 1.4 Spellcasting


You had 3 spell levels left.
You knew the following spells:

 Your Spells              Type           Power      Damage    Failure   Level
a - Pain                  Necr           16%        1d4       16%         1
b - Searing Ray           Conj           8%         2d4       24%         2
Your spell library was empty.

Dungeon Overview and Level Annotations

Branches:
Dungeon (4/15)
 Temple: D:4-7

Altars:
Zin

Shops:
D:1 *


Innate Abilities, Weirdness & Mutations

You are immune to sickness and miasma.
You are immune to poison.
Your flesh is very heat resistant. (rF++)
You are vulnerable to cold. (rC-)
You float through the air rather than walking.
You learn spells naturally, not from books.
Your magical power is your life essence.
You have superior vitality. (+4 MHP)


Message History

No target in view!
HP restored.
You now have enough gold to buy a pair of gloves on D:1.
You can access your shopping list by pressing '$'.
You now have 132 gold pieces (gained 14).
An ogre comes into view. It is wielding a +0 giant spiked club.
Found a scroll labelled OCEILL YKADOET.
An ogre is nearby!
An ogre is nearby!
It was a potion of brilliance.
You feel clever all of a sudden.
It was a potion of cancellation.
Your magical effects are unravelling.
You feel magically purged.
You feel a little less clever now.
You hit the ogre.
The ogre is lightly wounded.
The ogre hits you with a +0 giant spiked club!!
Ouch! That really hurt!
You are too injured to fight recklessly!
Okay, then.
As you read the scroll labelled REQICWEENI, it crumbles to dust.
You feel aware of your surroundings.
It was a scroll of magic mapping.
The ogre hits you with a +0 giant spiked club!
You are too injured to fight recklessly!
It was a potion of ambrosia.
You are confused.
You feel invigorated. The ogre misses you.
You bump into the rock wall.
The ogre barely misses you.
You closely miss the ogre. You punch the ogre, but do no damage.
The ogre barely misses you.
You hit the ogre but do no damage.
You're too confused to move!
The ogre hits you with a +0 giant spiked club!!
Ouch! That really hurt!
* * * LOW HITPOINT WARNING * * *
You hit the ogre. You drain the ogre.
The ogre is moderately wounded.
The ogre hits you with a +0 giant spiked club!
You die...

*****
,,,,****##############
,,,,+,,,........@O..>#
,,,,****#######.####.#
,,,,* #...)....#
#.####### ,,,,*
#........# #.......#
***** #........#
#.#####.# #........#
#.# #.#
#........###+## ##.###
#........#....# #....#
########......# #..#.#


You could see an ogre (drained).

Vanquished Creatures
  Terence (D:2)
  3 adders
  2 worms (D:3)
  3 dart slugs
  3 bats
  5 endoplasms
  2 giant cockroaches
  8 goblins
  2 hobgoblins
  11 jackals (D:2)
  7 kobolds
  5 quokkas
  2 ball pythons
  A frilled lizard (D:3)
  3 rats
58 creatures vanquished.

Notes
Turn   | Place    | Note
-------+----------+-------------------------------------------
     0 | D:1      | tkbsonic5 the Djinni Monk began the quest for the Orb.
     0 | D:1      | Reached XP level 1. HP: 20/20 MP: 0/0
   476 | D:1      | Reached XP level 2. HP: 14/25 MP: 0/0
   899 | D:1      | Reached XP level 3. HP: 30/30 MP: 0/0
   899 | D:1      | Learned a level 1 spell: Pain
  1290 | D:1      | Found Sanoiw's Assorted Antiques.
  1489 | D:2      | Reached skill level 1 in Short Blades
  1698 | D:2      | Reached XP level 4. HP: 35/35 MP: 0/0
  1937 | D:2      | Noticed Terence
  1950 | D:2      | Killed Terence
  1951 | D:2      | Reached skill level 1 in Spellcasting
  2274 | D:3      | Reached XP level 5. HP: 31/41 MP: 0/0
  2274 | D:3      | Learned a level 2 spell: Searing Ray
  2605 | D:3      | Found a glowing silver altar of Zin.
  3214 | D:4      | Noticed an ogre
  3252 | D:4      | Slain by an ogre

Illustrated notes

Levels and vault maps discovered:
D:1:      lightli_arrival_statue_moat, layout_loops_ring, serial_shops,
          nicolae_square_shop, roderic_lattice_a
D:2:      layout_rooms, uniq_terence
D:3:      layout_loops_ring, zin_statuary, grunt_ministairs_15, corexii_shack,
          minmay_stone_trees_small
D:4:      layout_basic, uniq_robin

Skill      XL: |  1  2  3  4 |
---------------+-------------+-----
Short Blades   | 1 |  1.6
Spellcasting   | 1 |  1.4
Fighting       | |  3.9
Dodging        | |  3.9
Stealth        | |  1.5
Unarmed Combat | |  3.3

Action                   |  1- 3 |  4- 6 || total
-------------------------+-------+-------++-------
Melee: Unarmed           |    46 |       ||    46
       Short sword       |    44 |    71 ||   115
       Punch             |     3 |     2 ||     5
 Cast: Pain              |       |     6 ||     6
       Searing Ray       |       |     4 ||     4
  Use: Scroll            |     2 |     2 ||     4
       Potion            |       |     4 ||     4
 Stab: Sleeping          |     3 |     1 ||     4
Armor: Robe              |    12 |    19 ||    31
Dodge: Dodged            |    44 |    40 ||    84
